 Dungeon Crawl Stone Soup version 0.26-a0-952-g76694b35de (webtiles) character file.

Game seed: 3160058975382484627

2177 Copingsaw the Covert (level 9, -1/56 HPs)
             Began as an Octopode Fighter on Nov 29, 2020.
             Slain by an ufetubus (4 damage)
             ... on level 7 of the Dungeon.
             The game lasted 00:17:28 (7903 turns).

Copingsaw the Covert (Octopode Fighter)             Turns: 7903, Time: 00:17:28

Health: -1/56      AC:  1    Str: 15    XL:     9   Next: 32%
Magic:  9/9        EV: 14    Int: 11    God:
Gold:   392        SH: 10    Dex: 14    Spells: 8/8 levels left

rFire    . . .     SeeInvis .   a - +0 rapier
rCold    . . .     Faith    .   b - +0 kite shield
rNeg     . . .     Spirit   .   (helmet restricted)
rPois    .         Reflect  .   (no amulet)
rElec    .         Harm     .   (no ring)
rCorr    .         Rampage  .   (no ring)
MR       .....                  (no ring)
Stlth    +++++.....             (no ring)
HPRegen  0.18/turn              (no ring)
MPRegen  0.11/turn              (no ring)
                                (no ring)
                                (no ring)

@: mighty
A: almost no armour, stealthy swim, amphibious, 8 rings, constrict 8, camouflage
1, gelatinous body 1
a: no special abilities


You were on level 7 of the Dungeon.
You visited 2 branches of the dungeon, and saw 8 of its levels.

You collected 392 gold pieces.

Inventory:

Hand Weapons
 a - a +0 rapier (weapon)
 q - a +0 hunting sling
 r - the +7 hand axe of Outrage {protect, Dex+4, unknown}
   (You found it on level 5 of the Dungeon)

   It grants its wielder temporary protection when it strikes (+7 to AC).
   It affects your dexterity (+4).
Missiles
 n - 39 sling bullets
Armour
 b - a +0 kite shield (worn)
Wands
 c - a wand of acid (4)
 s - a wand of iceblast (6)
 u - a wand of flame (10)
Scrolls
 e - 4 scrolls of identify {unknown}
 f - 5 scrolls of teleportation
 h - a scroll of enchant weapon {unknown}
 i - a scroll of enchant armour {unknown}
 p - 3 scrolls of remove curse
 w - a scroll of immolation {unknown}
Potions
 d - 3 potions of curing
 g - 3 potions of flight {unknown}
 j - a potion of berserk rage {unknown}
 k - 2 potions of haste {unknown}
 l - 4 potions of attraction {unknown}
 m - 3 potions of degeneration {unknown}
 o - 3 potions of mutation {unknown}
 v - a potion of ambrosia {unknown}


   Skills:
 - Level 3.1 Fighting
 + Level 7.2 Short Blades
 + Level 5.1 Dodging
 * Level 8.9 Stealth
 + Level 5.5 Shields
 * Level 4.1 Evocations


You had 8 spell levels left.
You didn't know any spells.
Your spell library was empty.

Dungeon Overview and Level Annotations

Branches:
Dungeon (7/15)             Temple (1/1) D:4

Altars:
Ashenzari
Elyvilon
Fedhas
Hepliaklqana
Kikubaaqudgha
Nemelex Xobeh
Okawaru
Qazlal
Trog
Uskayaw
Vehumet
Xom
Yredelemnul
Zin
The Shining One

Shops:
D:4 *


Innate Abilities, Weirdness & Mutations

You cannot wear most types of armour.
You are very stealthy in the water. (Stealth+)
You are amphibious.
You can wear up to eight rings at the same time.
You can use your tentacles to constrict eight enemies at once.
Your skin changes colour to match your surroundings (Stealth+).
Your rubbery body absorbs attacks. (AC +1, EV +1)


Message History

You hit the cyclops. Your squeeze misses the cyclops.
The cyclops is heavily wounded.
You block the jackal's attack. The jackal closely misses you.
You block the jackal's attack. The jackal bites you.
You feel very mighty all of a sudden. The jackal closely misses you.
The jackal bites you.
The jackal bites you but does no damage.
You block the cyclops's attack. You block the jackal's attack.
You hit the cyclops.
You squeeze the cyclops, but do no damage.
The cyclops is heavily wounded.
You block the ufetubus's attack. x2; The jackal closely misses you.
You block the jackal's attack. The jackal barely misses you.
The cyclops hits you!!
Ouch! That really hurt!
* * * LOW HITPOINT WARNING * * *
The ufetubus hits you.
* * * LOW HITPOINT WARNING * * *
The ufetubus hits you.
You die...

h....#.##..........
#..................
#..................
#.........#.........
.........##....(...
.##......##...[.)..
#.......#........
..#...hhh........
#...C@h........
?.....5..........
..#.#######...... ..
#..### .. ..# #.# #


You could see a cyclops, an ufetubus and 4 jackals.

Vanquished Creatures
  A troll (D:6)
  Grinder (D:3)
  A hornet (D:6)
  3 phantoms
  A necrophage (D:5)
  2 ogres
  2 centaurs
  A bullfrog (D:7)
  A scorpion (D:5)
  A water moccasin skeleton (D:6)
  2 bullfrog zombies
  3 orc priests (D:4)
  A bullfrog skeleton (D:4)
  Jessica (D:2)
  3 orc wizards
  2 worker ants
  Terence (D:2)
  A hound skeleton (D:6)
  8 gnolls
  11 adders
  2 ufetubi
  An ooze (D:1)
  An adder zombie (D:5)
  2 adder skeletons (D:5)
  4 worms
  2 dart slugs
  8 leopard geckos
  22 orcs
  6 giant cockroaches
  7 goblins
  7 hobgoblins
  4 jackals (D:3)
  2 quokkas (D:2)
  8 ball pythons
  9 bats
  A frilled lizard (D:2)
  A jackal skeleton (D:4)
  6 kobolds (D:2)
  8 rats
148 creatures vanquished.

Vanquished Creatures (others)
  An orc (D:6)
  A plant (D:5)
2 creatures vanquished.

Grand Total: 150 creatures vanquished

Notes
Turn   | Place    | Note
-------+----------+-------------------------------------------
     0 | D:1      | Copingsaw the Octopode Fighter began the quest for the Orb.
     0 | D:1      | Reached XP level 1. HP: 16/16 MP: 1/1
   162 | D:1      | Reached XP level 2. HP: 19/21 MP: 2/2
   167 | D:1      | Reached skill level 1 in Stealth
   313 | D:1      | You fall into a shaft and drop 1 floor!
   313 | D:2      | Noticed Jessica
   320 | D:2      | Killed Jessica
   321 | D:2      | Reached XP level 3. HP: 15/26 MP: 3/3
   322 | D:2      | Reached skill level 2 in Stealth
   496 | D:2      | Reached XP level 4. HP: 30/31 MP: 4/4
  1297 | D:1      | Reached skill level 3 in Stealth
  1635 | D:2      | Reached XP level 5. HP: 30/36 MP: 5/5
  2312 | D:3      | Noticed Grinder
  2362 | D:3      | Noticed Terence
  2364 | D:3      | Killed Grinder
  2365 | D:3      | Reached skill level 5 in Stealth
  2365 | D:3      | Reached XP level 6. HP: 7/42 MP: 6/6
  2371 | D:2      | HP: 2/42 [orc (5)]
  2670 | D:2      | Killed Terence
  2804 | D:3      | Found a broken altar of Ashenzari.
  3035 | D:3      | Reached XP level 7. HP: 43/46 MP: 7/7
  3461 | D:3      | Reached skill level 6 in Stealth
  3564 | D:4      | Reached skill level 1 in Evocations
  4269 | D:4      | Found Hysexym's General Store.
  4303 | D:4      | Reached skill level 7 in Stealth
  4472 | D:4      | Reached skill level 5 in Short Blades
  4472 | D:4      | Reached XP level 8. HP: 43/52 MP: 8/8
  4574 | D:4      | Found a staircase to the Ecumenical Temple.
  4580 | Temple   | Entered the Ecumenical Temple
  4928 | D:5      | Entered Level 5 of the Dungeon
  5737 | D:5      | Got a fine hand axe
  5746 | D:5      | Found a glowing golden altar of the Shining One.
  5768 | D:5      | Reached skill level 8 in Stealth
  6580 | D:6      | Reached skill level 5 in Shields
  6885 | D:6      | Noticed a hornet
  6959 | D:6      | Paralysed by a hornet for 3 turns
  6962 | D:6      | Killed a hornet
  6963 | D:6      | Reached XP level 9. HP: 17/56 MP: 9/9
  7161 | D:6      | Found a hazy altar of Hepliaklqana.
  7290 | D:6      | Found a radiant altar of Vehumet.
  7406 | D:6      | Noticed a troll
  7412 | D:6      | Killed a troll
  7413 | D:6      | Reached skill level 5 in Dodging
  7583 | D:7      | Noticed a cyclops
  7903 | D:7      | Slain by an ufetubus

Illustrated notes

Levels and vault maps discovered:
D:1:      evilmike_arrival_plus, layout_loops_ring
D:2:      minmay_thinvault, layout_rooms, st_stairs_11, uniq_jessica
D:3:      layout_loops_ring, ashenzari_conservatory_becter,
          minmay_snake_closets, uniq_grinder, uniq_terence
D:4:      layout_gridville, minmay_temple_entry_hall, serial_shops, shop
D:5:      layout_cave_pods, tso_oasis_becter, kennysheep_decorative_pillar
D:6:      layout_rooms, old_standard_altar, vehumet_altar_wand_db,
          grunt_decor_cap
D:7:      layout_rooms, kennysheep_mini_moat
Temple:   minmay_temple_curvy_loop

Skill      XL: |  1  2  3  4  5  6  7  8  9 |
---------------+----------------------------+-----
Stealth        | 1 2 3 5 7 8 |  8.9
Short Blades   | 3 4 5 6 7 |  7.2
Dodging        | 4 5 |  5.1
Shields        | 4 5 |  5.5
Evocations     | 1 3 4 |  4.1
Fighting       | |  3.1

Action                   |  1- 3 |  4- 6 |  7- 9 || total
-------------------------+-------+-------+-------++-------
Melee: Rapier            |    33 |   126 |   231 ||   390
       Constrict         |     7 |    38 |    42 ||    87
       Tentacles         |     5 |    25 |    59 ||    89
Evoke: Wand              |       |       |     9 ||     9
  Use: Scroll            |       |     2 |     2 ||     4
       Potion            |       |     4 |     2 ||     6
 Stab: Sleeping          |     3 |    10 |     6 ||    19
       Distracted        |       |       |     1 ||     1
Armor: Skin              |     6 |     5 |     2 ||    13
Dodge: Dodged            |    10 |    55 |    93 ||   158
Block: Kite shield       |    10 |    57 |    84 ||   151

Table legend: (Time is in decaauts)
 A = Elapsed time spent in this place.
 B = Non-inter-level travel time spent in this place.
 C = Inter-level travel time spent in this place.
 D = Time resting spent in this place.
 E = Time spent auto-exploring this place.
 F = Levels seen in this place.
 G = Mean time per level.
                   A        B        C        D        E       F      G
               +--------+--------+--------+--------+--------+-----+--------+
         Total |   7935 |   7529 |    406 |   3043 |   3219 |   8 |  991.9 |
       Dungeon |   7696 |   7290 |    406 |   3043 |   3033 |   7 | 1099.4 |
        Temple |    238 |    238 |      0 |      0 |    186 |   1 |  238.0 |
               +--------+--------+--------+--------+--------+-----+--------+

Top non-repeatable levels by time:
     D:5: 2003 daAuts
     D:2: 1747 daAuts
     D:4: 1085 daAuts
     D:3: 984 daAuts
     D:1: 904 daAuts
     D:6: 901 daAuts
  Temple: 238 daAuts
     D:7: 69 daAuts
